 Dungeon Crawl Stone Soup version 0.31-a0-844-gdc52ec4e09 (webtiles) character file.

Game seed: 2260127736496234636

265 javelincjr the Trooper (level 5, -3/50 HPs)
             Began as a Minotaur Fighter on Sept 28, 2023.
             Slain by Eustachio
             ... wielding a +3 falchion
              (6 damage)
             ... on level 5 of the Dungeon.
             The game lasted 00:07:15 (2617 turns).

javelincjr the Trooper (Minotaur Fighter)           Turns: 2617, Time: 00:07:16

Health: -3/50      AC: 11    Str: 23    XL:     5   Next: 99%
Magic:  4/4        EV: 10    Int:  5    God:
Gold:   215        SH:  4    Dex:  9    Spells: 4/4 levels left

rFire   . . .        a - +0 war axe
rCold   . . .        c - +0 buckler
rNeg    + . .        b - +0 scale mail
rPois   .            l - +1 hat
rElec   .            (no cloak)
rCorr   .            g - +1 pair of gloves
SInv    .            n - +0 pair of boots
Will    .....        (no amulet) Stlth
                     h - ring of positive energy
HPRegen 0.28/turn    (no ring)
MPRegen 0.09/turn

%: no passive effects
@: mighty
A: horns 2, retaliatory headbutt
a: no special abilities


You were on level 5 of the Dungeon.
You visited 1 branch of the dungeon, and saw 5 of its levels.

You collected 215 gold pieces.

Inventory:

Hand Weapons
 a - a +0 war axe (weapon)
Missiles
 v - 6 datura-tipped darts
 y - a throwing net
 A - 6 javelins
Armour
 b - a +0 scale mail (worn)
 c - a +0 buckler (worn)
 e - a +0 plate armour
 g - a +1 pair of gloves (worn)
 l - a +1 hat (worn)
 n - a +0 pair of boots (worn)
Jewellery
 h - a ring of positive energy (left hand)
Scrolls
 f - 2 scrolls of immolation
 i - 3 scrolls of fear
 j - 3 scrolls of teleportation
 q - a scroll of amnesia {unknown}
 r - a scroll of torment {unknown}
 t - a scroll of poison {unknown}
 u - a scroll of blinking {unknown}
 x - 2 scrolls of identify
 z - a scroll of silence {unknown}
 B - a scroll of brand weapon {unknown}
Potions
 k - a potion of brilliance {unknown}
 m - 2 potions of lignification
 o - a potion of mutation {unknown}
 p - a potion of attraction {unknown}
 s - 2 potions of magic
 w - a potion of haste {unknown}


   Skills:
 * Level 5.7 Fighting
 + Level 3.7 Axes
 + Level 4.7 Armour
 + Level 2.2 Dodging
 + Level 4.5 Shields


You had 4 spell levels left.
You didn't know any spells.
Your spell library was empty.

Dungeon Overview and Level Annotations

Branches:
Dungeon (5/15)
 Temple: D:4-7

Altars:
Makhleb
Ru

Annotations:
D:4 Edmund
D:5 Eustachio


Innate Abilities, Weirdness & Mutations

You have a pair of horns on your head.
You reflexively headbutt those who attack you in melee.


Message History

The ufetubus barely misses you.
Eustachio gestures wildly while chanting.
The iron imp hits you but does no damage. x2
The ufetubus hits you but does no damage.
The ufetubus barely misses you.
You slash Eustachio!
Eustachio is severely wounded.
You hit the phantom but do no damage. You hit the bat but do no damage.
You hit the iron imp but do no damage. You closely miss the ufetubus.
You closely miss the iron imp. You hit the quokka. The bat barely misses you.
You furiously retaliate!
You headbutt the bat. The bat hits you but does no damage.
The ufetubus barely misses you.
The ufetubus hits you but does no damage.
The phantom closely misses you. Eustachio hits you with a +3 falchion!
* * * LOW HITPOINT WARNING * * *
The quokka barely misses you. You furiously retaliate!
You headbutt the quokka!
You kill the quokka!
The quokka's corpse disappears in a puff of smoke!
The iron imp hits you.
* * * LOW HITPOINT WARNING * * *
The iron imp hits you.
* * * LOW HITPOINT WARNING * * *
You feel very mighty all of a sudden. The bat hits you but does no damage.
The ufetubus hits you but does no damage. x2
The phantom closely misses you. Eustachio misses you.
The ufetubus barely misses you. x2
The iron imp hits you but does no damage.
You block the iron imp's attack.
You barely miss Eustachio. Your headbutt misses Eustachio.
Eustachio is severely wounded.
You barely miss the ufetubus. You barely miss the iron imp.
You slash the river rat! You hit the phantom. You slash the iron imp!
The bat hits you but does no damage. The ufetubus hits you.
* * * LOW HITPOINT WARNING * * *
You block the ufetubus's attack.
The phantom hits you but does no damage.
Eustachio hits you with a +3 falchion.
You die...
Eustachio says, "Such is the fate of all honourless rascals."

...........# ..
...........# ##..
........#..# ....
...........# ... )$
.....#....########
#..#.#........©. .
#.............
....###5W.)<.###
......5@b......#
......@r5....#...#
##.#...........#....
#...#.#######..##..
...###. #..# . .. ##
... . ...


You could see Eustachio, a phantom, 2 iron imps, a river rat (summoned), an
ufetubus (summoned) and a bat (summoned).

Vanquished Creatures
  An ogre (D:5)
  A sleepcap (D:5)
  Robin (D:3)
  2 adders
  3 gnolls (D:3)
  2 worms
  3 dart slugs
  8 orcs
  3 ball pythons
  5 endoplasms
  A giant cockroach (D:2)
  15 goblins
  10 hobgoblins
  6 jackals
  3 quokkas
  A bat (D:1)
  2 frilled lizards
  3 kobolds
  A rat (D:1)
71 creatures vanquished.

Notes
Turn   | Place    | Note
-------+----------+-------------------------------------------
     0 | D:1      | javelincjr the Minotaur Fighter began the quest for the
                  | Orb.
     0 | D:1      | Reached XP level 1. HP: 19/19 MP: 0/0
     6 | D:1      | Noticed a redback
     6 | D:1      | Noticed a black bear
     7 | D:1      | Noticed a salamander
   237 | D:1      | Reached skill level 4 in Fighting
   237 | D:1      | Reached XP level 2. HP: 27/27 MP: 1/1
   932 | D:2      | Found a burning altar of Makhleb.
   984 | D:2      | Reached XP level 3. HP: 31/33 MP: 2/2
  1161 | D:2      | Reached skill level 1 in Dodging
  1447 | D:3      | Found a burning altar of Makhleb.
  1670 | D:3      | Reached XP level 4. HP: 39/41 MP: 3/3
  1735 | D:3      | Noticed Robin
  1739 | D:3      | Killed Robin
  1876 | D:3      | Reached skill level 5 in Fighting
  1879 | D:3      | Reached XP level 5. HP: 38/48 MP: 4/4
  2422 | D:4      | Found a sacrificial altar of Ru.
  2474 | D:4      | Noticed Edmund
  2492 | D:4      | Noticed an ogre
  2499 | D:5      | Entered Level 5 of the Dungeon
  2499 | D:5      | Noticed an ogre
  2505 | D:5      | Killed an ogre
  2599 | D:5      | Noticed Eustachio
  2609 | D:5      | Noticed a phantom
  2617 | D:5      | Slain by Eustachio

Illustrated notes

Levels and vault maps discovered:
D:1:      onia_arrival_zoo_common, layout_loops_ring, minmay_misc_feat_x,
          hangedman_decor_clover_reticule, minmay_ruptured
D:2:      minmay_evil_eye, layout_basic, basic_altar, guppyfry_early_orc_mine
D:3:      layout_loops_corners, bloody_makhleb, kennysheep_flooded_box,
          uniq_robin
D:4:      layout_rooms, nicolae_ru_sacrificial_ziggurat,
          grunt_dithmenos_smoke_and_mirrors, serial_bayou_pond_c, uniq_edmund
D:5:      layout_rooms, chequers_temple_overflow_statue_of_worship,
          gammafunk_ghost_mausoleum, serial_shops, shop, uniq_eustachio

Skill      XL: |  1  2  3  4  5 |
---------------+----------------+-----
Fighting       | 4 5 |  5.7
Armour         | 4 |  4.7
Dodging        | 1 2 |  2.2
Axes           | 3 |  3.7
Shields        | 4 |  4.5

Action                     |  1- 3 |  4- 6 || total
---------------------------+-------+-------++-------
  Melee: War axe           |    55 |    61 ||   116
         Headbutt          |     7 |     5 ||    12
    Use: Scroll            |     5 |       ||     5
         Potion            |       |     1 ||     1
 Armour: Scale mail        |    37 |    55 ||    92
  Dodge: Dodged            |    29 |    47 ||    76
  Block: Buckler           |     8 |    15 ||    23

Table legend: (Time is in decaauts)
 A = Elapsed time spent in this place.
 B = Non-inter-level travel time spent in this place.
 C = Inter-level travel time spent in this place.
 D = Time resting spent in this place.
 E = Time spent auto-exploring this place.
 F = Levels seen in this place.
 G = Mean time per level.
                   A        B        C        D        E       F      G
               +--------+--------+--------+--------+--------+-----+--------+
         Total |   2659 |   2502 |    157 |     81 |   1981 |   5 |  531.8 |
       Dungeon |   2659 |   2502 |    157 |     81 |   1981 |   5 |  531.8 |
               +--------+--------+--------+--------+--------+-----+--------+

Top non-repeatable levels by time:
     D:3: 984 daAuts
     D:1: 938 daAuts
     D:2: 525 daAuts
     D:5: 125 daAuts
     D:4: 85 daAuts
